Map: Artillería pesada EE

Players

PrestigeS

  • Race: Protoss Protoss
  • League: Silver
  • Spawn Location: 7:00

JoeySupra

  • Race: Protoss Protoss
  • League: Silver
  • Spawn Location: 7:00

MrFercho

  • Race: Zerg Zerg
  • League: Silver
  • Spawn Location: 1:00

tigro

  • Race: Terran Terran
  • League: Bronze
  • Spawn Location: 3:00

VOD

Have the link to the VOD?

Description

Time

  • Played on: May 27, 2020, 9:39 p.m.
  • Length: 8:18
Show
View Real Time Build Order
Export as new Build Order

PrestigeS Protoss 

Build Orders:  

Get SALT Encoding   

  12  0:10  Pylon  
  12  0:26  Probe (Chrono Boost)  
  13  0:35  Assimilator  
  13  0:36  Probe  
  14  0:48  Probe  
  14  0:49  Gateway  
  15  0:58  Pylon  
  15  1:00  Probe (Chrono Boost)  
  17  1:12  Probe (Chrono Boost)  
  17  1:17  Probe (Chrono Boost)  
  18  1:26  Probe  
  19  1:38  Probe, Cybernetics Core  
  20  1:50  Probe  
  21  1:54  Gateway  
  21  1:58  Pylon  
  21  2:02  Pylon  
  21  2:03  Probe  
  22  2:15  Probe  
  23  2:19  Twilight Council  
  23  2:27  Probe  
  24  2:33  Gateway  
  24  2:36  Gateway  
  24  2:39  Probe  
  24  2:42  Pylon  
  25  2:47  Gateway  
  25  2:54  Zealot  
  25  2:57  Zealot  
  29  3:02  Probe (Chrono Boost)  
  30  3:06  Charge (Chrono Boost)  
  30  3:21  Zealot x2  
  30  3:25  Zealot  
  36  3:29  Zealot  
  38  3:42  Zealot  
  38  3:48  Zealot  
  42  3:50  Zealot  
  42  3:52  Zealot  
  46  3:57  Zealot  
  48  4:09  Zealot  
  50  4:39  Resonating Glaives  
  50  4:40  Adept  
  50  4:44  Zealot  
  54  4:55  Pylon  
  54  4:56  Zealot  
  54  5:01  Pylon  
  54  5:06  Pylon  
  54  5:13  Zealot x4  
  62  5:46  Zealot x3 (Chrono Boost)  
  62  5:47  Zealot x2 (Chrono Boost)  
  72  6:10  Zealot (Chrono Boost)  
  78  6:18  Zealot x2 (Chrono Boost)  
  78  6:23  Pylon  
  78  6:30  Pylon  
  78  6:41  Zealot x3  
  78  6:42  Zealot  
Show
View Real Time Build Order
Export as new Build Order

JoeySupra Protoss 

Build Orders: Double Forge 

Get SALT Encoding   

  12  0:06  Probe  
  13  0:18  Probe  
  14  0:28  Pylon  
  14  0:31  Probe (Chrono Boost)  
  15  0:38  Assimilator  
  15  0:41  Assimilator  
  15  0:45  Probe (Chrono Boost)  
  16  0:55  Probe  
  17  0:57  Pylon  
  17  1:07  Probe  
  18  1:20  Probe (Chrono Boost)  
  18  1:22  Gateway  
  18  1:25  Gateway  
  19  1:32  Probe (Chrono Boost)  
  20  1:39  Probe (Chrono Boost)  
  21  1:47  Pylon  
  21  1:51  Probe  
  22  2:03  Probe  
  23  2:10  Cybernetics Core  
  23  2:16  Forge  
  23  2:30  Gateway  
  23  2:40  Gateway  
  23  2:44  Pylon  
  23  2:54  Warp Gate (Chrono Boost)  
  23  2:55  Protoss Ground Weapons Level 1  
  23  3:09  Probe  
  24  3:16  Gateway  
  24  3:21  Pylon  
  24  3:30  Forge  
  24  3:59  Pylon  
  24  4:19  Photon Cannon  
  24  4:21  Photon Cannon  
  24  4:35  Stalker x4  
  24  4:36  Stalker  
  34  4:49  Pylon  
  34  4:57  Protoss Ground Armor Level 1, Pylon  
  34  5:03  Stalker x2  
  34  5:04  Stalker  
  40  5:21  Pylon  
  40  5:34  Stalker x3  
  46  5:54  Stalker x2  
  50  6:19  Nexus  
  44  7:02  Stalker x4  
  52  7:51  Stalker x4  
  56  7:56  Probe  
Show
View Real Time Build Order
Export as new Build Order

MrFercho Zerg 

Build Orders: Hatch First 

Get SALT Encoding   

  12  0:05  Drone  
  13  0:34  Hatchery  
  12  0:58  Spawning Pool  
  11  1:20  Overlord  
  11  1:21  Overlord  
  11  1:22  Overlord  
  11  1:33  Drone  
  12  1:47  Queen  
  12  1:50  Drone x2  
  16  2:16  Hatchery  
  16  2:20  Zergling x2  
  16  2:31  Drone  
  16  2:32  Drone x2  
  16  2:37  Extractor  
  18  2:47  Drone  
  18  2:48  Drone x2  
  21  2:55  Zergling x4  
  23  3:46  Lair  
  23  3:50  Queen  
  23  3:53  Drone x3  
  28  4:43  Drone  
  28  4:44  Drone x2  
  26  5:23  Hydralisk Den  
  25  5:41  Hatchery  
  25  5:42  Zergling x2  
  25  5:43  Zergling x12  
  31  5:52  Evolution Chamber  
  30  5:57  Evolution Chamber, Grooved Spines  
  29  6:16  Hydralisk x2  
  33  6:26  Zergling x2  
  33  6:27  Zergling x20  
  44  6:34  Overlord x2  
  43  7:06  Hydralisk x3  
  49  7:21  Extractor  
  24  7:41  Extractor  
  15  7:45  Extractor  
Show
View Real Time Build Order
Export as new Build Order

tigro Terran 

Build Orders:  

Get SALT Encoding   

  12  0:03  SCV  
  13  0:15  SCV  
  14  0:22  Supply Depot  
  14  0:27  SCV  
  15  0:30  Refinery  
  15  0:44  SCV  
  16  0:55  Barracks  
  16  0:58  SCV  
  17  1:10  SCV  
  18  1:12  Refinery  
  18  1:22  SCV  
  19  1:27  Supply Depot  
  19  1:34  SCV  
  20  1:43  Marine  
  20  1:46  SCV  
  22  1:58  SCV  
  22  2:01  Marine  
  24  2:02  Barracks  
  24  2:10  SCV  
  25  2:18  Marine  
  26  2:23  SCV  
  26  2:29  Engineering Bay  
  27  2:36  Marine  
  28  2:43  Orbital Command  
  28  2:50  Barracks Tech Lab  
  28  2:54  Marine  
  29  3:14  Command Center  
  29  3:29  Refinery  
  29  3:35  Barracks Tech Lab  
  29  3:37  Marine  
  29  3:40  Combat Shield  
  30  3:55  Marine  
  31  4:13  Marine  
  32  4:31  Marine  
  32  4:36  Stimpack  
  33  4:43  Marauder  
  35  4:49  Marine  
  35  4:52  Planetary Fortress  
  36  4:59  Concussive Shells, Refinery  
  30  5:05  Marauder  
  30  5:26  Marauder, Marine  
  32  5:44  Marine  
  32  5:48  Marauder  
  32  5:55  SCV  
  33  6:02  Marine  
  34  6:07  SCV  
  34  6:09  Marauder, Factory  
  37  6:19  Marine, SCV  
  39  6:30  Marauder  
  39  6:31  SCV  
  42  6:37  Marine  
  38  6:44  SCV  
  39  6:52  Marauder  
  39  6:56  Marauder, SCV  
  38  7:06  Factory Tech Lab  
  39  7:13  Marauder  
  36  7:17  Marauder  
  33  7:38  Marauder  
Tags
 
Add a new tag
Caveats
  • Supply blocks, unpowered buildings, or Contaminate may cause inaccurate times.
  • Supply counts are checked every 10 seconds.